 Dungeon Crawl Stone Soup version 0.17-a0-1181-gabc46e6 (webtiles) character file.

18 SWAGNEMITE the Sneak (level 2, 0/24 HPs)
             Began as a Naga Enchanter on May 31, 2015.
             Slain by a rat (3 damage)
             ... on level 1 of the Dungeon.
             The game lasted 00:02:01 (567 turns).

SWAGNEMITE the Sneak (Naga Enchanter)                Turns: 567, Time: 00:02:01

Health: 0/24       AC:  2    Str: 10    XL:     2   Next: 66%
Magic:  1/5        EV: 10    Int: 15    God:
Gold:   51         SH:  0    Dex: 11    Spells: 2 memorised, 2 levels left

rFire  . . .     SeeInvis +     a - +1 dagger
rCold  . . .     Clarity  .     b - +1 robe
rNeg   . . .     SustAt   .     (no shield)
rPois  +         Gourm    .     (no helmet)
rElec  .         Spirit   .     (no cloak)
rCorr  .         Warding  .     (no gloves)
rMut   .         Stasis   .     (no barding)
MR     .....                    (no amulet)
Stlth  +++.......               (no ring)
                                (no ring)

@: very slightly contaminated, very slow, not resistant to hostile enchantments,
fairly stealthy
A: see invisible, deformed body, poison resistance, slowness 2, slow metabolism
1, spit poison 2, AC +0
a: Spit Poison


You were on level 1 of the Dungeon.
You were not hungry.

You visited 1 branch of the dungeon, and saw 1 of its levels.

You collected 51 gold pieces.

Inventory:

Hand weapons
 a - a +1 dagger (weapon)
Armour
 b - a +1 robe (worn)
 h - a +0 buckler
   (You found it on level 1 of the Dungeon)
Scrolls
 e - a scroll of fog {unknown}
 g - a scroll of blinking {unknown}
 k - 2 scrolls of remove curse {unknown}
 m - a scroll of enchant armour {unknown}
Potions
 j - a potion of ambrosia {unknown}
 l - a potion of curing {unknown}
Books
 c - a book of Maledictions
Comestibles
 d - a bread ration {@e1}
 f - 2 meat rations {@e2}
 i - a beef jerky


   Skills:
 + Level 0.6 Fighting
 * Level 1.3 Short Blades
 + Level 1.7 Dodging
 * Level 4.7 Stealth
 + Level 0.2 Shields
 - Level 2.0 Spellcasting
 * Level 3.2 Hexes


You had 2 spell levels left.
You knew the following spells:

 Your Spells              Type           Power        Failure   Level  Hunger
a - Ensorcelled Hibernat  Hex/Ice        #.....       17%         2    ###....
v - Corona                Hex            ##.....      8%          1    #......


Dungeon Overview and Level Annotations

Branches:
Dungeon (1/15)

Altars:


Innate Abilities, Weirdness & Mutations

You cannot wear boots.
Your serpentine skin is tough (AC +0).
You have supernaturally acute eyesight.
Armour fits poorly on your strangely shaped body.
Your system is resistant to poisons.
You cover ground very slowly.
You have a slow metabolism.
You can spit poison.


Message History

You kill the rat!
You see here a rat corpse.
You see here a hobgoblin skeleton.
k - a scroll labeled DOTEDW VAC COHUT Unknown command.
You now have 27 gold pieces (gained 12).
k - 2 scrolls labeled DOTEDW VAC COHUT (gained 1)
l - a cyan potion A kobold comes into view.
It is wielding a dagger.
The helpless kobold fails to defend itself.
You puncture the kobold!
You kill the kobold!
No target in view!
Things that are here:
a dagger; a stone; a kobold corpse
Things that are here:
a dagger; a stone; a kobold corpse
f - 2 meat rations {@e2} (gained 1)
A rat comes into view.
You see here a glowing hand axe.
The helpless rat fails to defend itself.
You puncture the rat!
You kill the rat!
You now have 40 gold pieces (gained 13).
You now have 51 gold pieces (gained 11).
m - a scroll labeled QITYTO QAEMMO A giant cockroach and a goblin come into view.
The helpless giant cockroach fails to defend itself.
You puncture the giant cockroach!
You kill the giant cockroach!
A goblin is nearby!
The helpless goblin fails to defend itself.
You impale the goblin!!
You kill the goblin!
You see here a goblin corpse.
A hobgoblin comes into view.
The hobgoblin shouts!
You hit the hobgoblin. The hobgoblin barely misses you.
You hit the hobgoblin.
You kill the hobgoblin!
No target in view!
No target in view!
A goblin comes into view.
The goblin shouts!
The goblin hits you.
A kobold comes into view. It is wielding a dagger.
You take 2 damage, and have 22/24 hp.
You miss the goblin.
The kobold moves out of view.
The goblin barely misses you.
You hit the goblin but do no damage. The goblin hits you.
You take 3 damage, and have 19/24 hp.
You hit the goblin but do no damage. The goblin hits you but does no damage.
You hit the goblin.
You kill the goblin!
No target in view!
No target in view!
You barely miss the kobold.
The kobold shouts!
The hobgoblin shouts!
You barely miss the kobold. The kobold hits you with a dagger.
The hobgoblin throws a stone.
The stone closely misses you.
You take 3 damage, and have 16/24 hp.
You hit the kobold.
You kill the kobold!
The hobgoblin throws a stone.
The stone closely misses you.
A rat comes into view.
The hobgoblin throws a stone.
The stone hits you.
You see here a stone.
You take 2 damage, and have 14/24 hp.
Aim: a hobgoblin, wielding a club, wearing a ring mail and wearing a shield The hobgoblin blocks the splash of poison.
You feel slightly more hungry.
The hobgoblin throws a stone.
The stone barely misses you. The hobgoblin closely misses you.
The hobgoblin hits you with a club.
A kobold comes into view. It is wielding a club.
You take 3 damage, and have 11/24 hp.
The kobold shouts!
You hit the hobgoblin but do no damage. You hit the hobgoblin but do no damage.
The hobgoblin barely misses you.
Aim: a hobgoblin, wielding a club, wearing a ring mail and wearing a shield (chance to defeat MR: 55%)
You miscast Ensorcelled Hibernation.
You are very lightly contaminated with residual magic.
Your skin glows momentarily.
You have got your breath back.
The hobgoblin hits you but does no damage.
The kobold throws a stone.
The stone hits you but does no damage.
You now have 3/5 mp.
Aim: a hobgoblin, wielding a club, wearing a ring mail and wearing a shield (chance to defeat MR: 55%)
You miscast Ensorcelled Hibernation.
Nothing appears to happen.
The hobgoblin hits you with a club!
* * * LOW HITPOINT WARNING * * *
You take 7 damage, and have 4/24 hp.
MASSIVE DAMAGE!!
You now have 1/5 mp.
The hobgoblin throws a stone.
The stone hits you but does no damage.
You see here a stone.
The kobold barely misses you. The rat bites you.
* * * LOW HITPOINT WARNING * * *
You take 2 damage, and have 2/24 hp.
The rat bites you.
You die...

....###.#.#
#........#
#.......#
#......?#
#..((.).#
#.(.....###..
##Kg.....(....
#.r......##...
#@#.....## ..
####.##.##.#
.........#.###.
####...........
#.#...#.##..#
#.......#...##
#
#####.........
#
#.###...######
######### #.#
#### #...


You could see a hobgoblin, a kobold and a rat.

Vanquished Creatures
  2 giant geckos (D:1)
  3 giant cockroaches (D:1)
  2 goblins (D:1)
  3 hobgoblins (D:1)
  3 kobolds (D:1)
  3 rats (D:1)
16 creatures vanquished.

Notes
Turn   | Place    | Note
--------------------------------------------------------------
     0 | D:1      | SWAGNEMITE the Naga Enchanter began the quest for the Orb.
     0 | D:1      | Reached XP level 1. HP: 15/15 MP: 3/3
   149 | D:1      | Reached XP level 2. HP: 15/24 MP: 5/5
   153 | D:1      | Learned a level 2 spell: Ensorcelled Hibernation
   563 | D:1      | HP: 4/24 [hobgoblin/club (7)]
   567 | D:1      | Slain by a rat

Vault maps used:
D:1:      minmay_arrival_up_and_down

Action                   || total
-------------------------++-------
Melee: Dagger            ||    41
 Abil: Spit Poison       ||     2
 Stab: Sleeping          ||     8

Vault maps used:
D:1:      minmay_arrival_up_and_down

Table legend:
 A = Turns spent in this place as a percentage of turns spent in the entire game.
 B = Non-inter-level travel turns spent in this place as a percentage of non-inter-level travel turns spent in the entire game.
 C = Inter-level travel turns spent in this place as a percentage of turns spent in this place.
 D = Turns resting spent in this place as a percentage of non-inter-level travel turns spent in this place.
 E = Turns spent auto-exploring this place as a percentage of non-inter-level travel turns spent in this place.
 F = Non-inter-level travel turns spent in this place divided by the number of levels of this place that you've seen.
                   A       B       C       D       E      F
               +-------+-------+-------+-------+-------+----------------------
         Total | 100.0 | 100.0 |   0.0 |   0.6 |  12.7 | 165.0
       Dungeon | 100.0 | 100.0 |   0.0 |   0.6 |  12.7 | 165.0
               +-------+-------+-------+-------+-------+----------------------

Table legend:
 A = Kills in this place as a percentage of kills in entire the game.
 B = Kills by you in this place as a percentage of kills by you in the entire game.
 C = Kills by friends in this place as a percentage of kills by friends in the entire game.
 D = Other kills in this place as a percentage of other kills in the entire game.
 E = Experience gained in this place as a percentage of experience gained in the entire game.
 F = Experience gained in this place divided by the number of levels of this place that you have seen.
                   A       B       C       D       E      F
               +-------+-------+-------+-------+-------+----------------------
         Total | 100.0 | 100.0 |  -nan |  -nan | 100.0 |  26.0
       Dungeon | 100.0 | 100.0 |  -nan |  -nan | 100.0 |  26.0
               +-------+-------+-------+-------+-------+----------------------
